 Dungeon Crawl Stone Soup version 0.30-a0-782-ge64f9170bb (webtiles) character file.

Game seed: 17420964297788962289

1489041 Flugkiller the Sabretooth (level 26, 117/117 HPs)
             Began as a Felid Delver on Feb 20, 2023.
             Was the Champion of Ru.
             Escaped with the Orb
             ... and 3 runes!
             The game lasted 02:46:22 (88621 turns).

Flugkiller the Sabretooth (Felid Delver)           Turns: 88621, Time: 02:46:22

Health: 117/117    AC: 18    Str: 13    XL:     26   Next: 30%
Magic:  38/43      EV: 42    Int: 24    God:    Ru [******]
Gold:   7210       SH:  0    Dex: 19    Spells: 8/56 levels left
                                        Lives:  2   Deaths: 1

rFire   . . .      SeeInvis +      - Unarmed
rCold   . . .      Faith    .    (shield unavailable)
rNeg    . . .      Spirit   .    (body armour unavailable)
rPois   ∞          Reflect  .    (helmet unavailable)
rElec   +          Harm     .    (cloak unavailable)
rCorr   .          Rampage  .    (gloves unavailable)
Will    +++..      Rage     3%   (boots unavailable)
Stlth   ++                       k - amulet of Recklessness {RegenMP Regen+ Str+3}
HPRegen 1.19/turn                (ring unavailable)
MPRegen 0.68/turn                G - +6 ring of intelligence

@: storm-form, flying, studying 2 skills
A: cleaving, insubstantial, flying, very small, (claws 1), (fangs 3), see
invisible, clumsy 1, (speed 1), (shaggy fur 3), missing a hand, inability to use
devices, hated by all, (stealthy paws), no weapons or thrown items, no armour,
multi-lived, (horns 1), berserk 1, deterioration 1, (fire resistance 1), frail
1, passive freeze, inhibited regeneration, MP-powered wands
0: Orb of Zot
}: 3/15 runes: decaying, serpentine, abyssal
a: Blinkbolt, End Transformation, Renounce Religion, Draw Out Power, Power Leap,
Apocalypse


You escaped.
You worshipped Ru.
Ru was exalted by your worship.
You were a lightning-filled tempest!
You visited 10 branches of the dungeon, and saw 47 of its levels.
You visited the Abyss 9 times.
You also visited: Gauntlet, Ice Cave and Wizlab.

You collected 8725 gold pieces.
You spent 1515 gold pieces at shops.

Inventory:

Jewellery
 c - a ring of protection from cold
   (You found it on level 3 of the Depths)
 g - a +6 ring of strength
   (You took it off an orc on level 10 of the Dungeon)
 k - the amulet of Recklessness (around neck) {RegenMP Regen+ Str+3}
   (You bought it in a shop on level 1 of the Elven Halls)

   [amulet of magic regeneration]

   It increases your rate of magic regeneration.
   Str:       It affects your strength (+3).
   Regen:     It increases your rate of health regeneration.
 p - a ring of protection from fire
   (You found it on level 3 of the Lair of Beasts)
 x - the amulet "Atsuopt" {Acrobat rCorr Int+3 Dex-4}
   (You found it in a Gauntlet)

   [amulet of the acrobat]

   It increases your evasion while moving and waiting.
   Int:       It affects your intelligence (+3).
   Dex:       It affects your dexterity (-4).
   rCorr:     It protects you from acid and corrosion.
 B - a +6 ring of dexterity
   (You found it on level 11 of the Dungeon)
 D - a ring of positive energy
   (You found it on level 3 of the Lair of Beasts)
 G - a +6 ring of intelligence (right paw)
   (You bought it in a shop on level 4 of the Snake Pit)
 I - a +4 ring of protection
   (You found it on level 3 of the Vaults)
 M - a ring of wizardry
   (You took it off a deep elf death mage on level 3 of the Elven Halls)
Scrolls
 a - 10 scrolls of fog
 b - 8 scrolls of immolation
 f - 7 scrolls of poison
 j - 5 scrolls of amnesia
 l - 2 scrolls of magic mapping
 t - 14 scrolls of teleportation
 z - 2 scrolls of blinking
 A - 9 scrolls of fear
 F - a scroll of silence
 J - 4 scrolls of vulnerability
Potions
 d - 3 potions of might
 e - 2 potions of invisibility
 h - 5 potions of haste
 i - 5 potions of brilliance
 m - 6 potions of attraction
 n - 5 potions of resistance
 o - 5 potions of flight
 q - 21 potions of curing
 r - 5 potions of magic
 s - 4 potions of berserk rage
 w - 4 potions of heal wounds
 y - 2 potions of ambrosia
 C - 3 potions of cancellation
 H - 5 potions of lignification


   Skills:
 - Level 20.0 Fighting
 - Level 20.0 Dodging
 - Level 6.6 Stealth
 O Level 27 Unarmed Combat
 + Level 15.9 Spellcasting
 - Level 18.0 Translocations
 + Level 20.8 Transmutations
 - Level 5.0 Ice Magic
 + Level 18.3 Air Magic
 - Level 6.0 Poison Magic


You had 8 spell levels left.
You knew the following spells:

 Your Spells              Type           Power      Damage    Failure   Level
a - Poisonous Vapours     Pois/Air       100%       N/A       1%          2
b - Mephitic Cloud        Conj/Pois/Air  55%        N/A       1%          3
c - Ice Form              Ice/Tmut       69%        N/A       1%          4
d - Frozen Ramparts       Ice            86%        1d13      1%          3
e - Storm Form            Tmut/Air       42%        N/A       1%          7
f - Wereblood             Tmut           87%        N/A       0%          2
g - Manifold Assault      Tloc           81%        N/A       1%          4
h - Dragon Form           Tmut           43%        N/A       1%          7
i - Irradiate             Conj/Tmut      31%        3d22      1%          5
j - Vhi's Electric Charg  Tloc/Air       100%       N/A       0%          3
k - Statue Form           Tmut/Erth      41%        N/A       6%          6
r - Blink                 Tloc           100%       N/A       0%          2

Your spell library contained the following spells:

 Spells                   Type           Power      Damage    Failure   Level
 Apportation              Tloc           100%       N/A       0%          1
 Beastly Appendage        Tmut           100%       N/A       0%          1
 Lesser Beckoning         Tloc           100%       N/A       0%          2
 Gell's Gravitas          Tloc           81%        N/A       0%          3
 Teleport Other           Tloc           81%        N/A       0%          3
 Airstrike                Air            41%        2d(6-22)  0%          4
 Blade Hands              Tmut           43%        N/A       0%          5
 Freeze                   Ice            100%       1d10      1%          1
 Cigotuvi's Dreadful Rot  Necr/Pois/Air  100%       N/A       1%          2
 Momentum Strike          Conj/Tloc      100%       3d10      1%          2
 Passwall                 Tmut/Erth      51%        N/A       1%          2
 Static Discharge         Conj/Air       100%       2-7/arc   1%          2
 Ignite Poison            Fire/Tmut/Pois 58%        N/A       1%          3
 Ozocubu's Armour         Ice            43%        N/A       1%          3
 Spider Form              Tmut/Pois      70%        N/A       1%          3
 Iskenderun's Mystic Bla  Conj/Tloc      58%        2d12      1%          4
 Arcjolt                  Conj/Air       29%        1d39      1%          5
 Lightning Bolt           Conj/Air       29%        1d45      1%          5
 Silence                  Hex/Air        29%        N/A       1%          5
 Yara's Violent Unravell  Hex/Tmut       31%        3d13      1%          5
 Dispersal                Tloc           40%        N/A       1%          6
 Eringya's Noxious Bog    Tmut/Pois      35%        N/A       1%          6
 Olgreb's Toxic Radiance  Pois           47%        N/A       2%          4
 Foxfire                  Conj/Fire      76%        2x1d7     3%          1
 Kiss of Death            Conj/Necr      76%        2d11      3%          1
 Necrotise                Necr           76%        1d7       3%          1
 Sandblast                Erth           38%        2d10      3%          1
 Hailstorm                Conj/Ice       31%        3d8       3%          3
 Scorch                   Fire           38%        2d6       4%          2
 Sublimation of Blood     Necr           19%        N/A       4%          2
 Confusing Touch          Hex            19%        N/A       9%          3
 Dazzling Flash           Conj/Hex       38%        N/A       9%          3
 Stone Arrow              Conj/Erth      38%        3d9       9%          3
 Vampiric Draining        Necr           19%        2d7       9%          3
 Conjure Ball Lightning   Conj/Air       29%        3x3d8     11%         6
 Anguish                  Hex/Necr       9%         N/A       28%         4
 Dispel Undead            Necr           19%        3d11      28%         4
 Flame Wave               Conj/Fire      19%        2d7       28%         4
 Sticky Flame             Conj/Fire      19%        2d4       28%         4
 Metabolic Englaciation   Hex/Ice        15%        N/A       28%         5
 Agony                    Necr           19%        N/A       63%         5
 Borgnjor's Vile Clutch   Necr/Erth      9%         N/A       63%         5
 Fireball                 Conj/Fire      9%         3d6       63%         5
 Iskenderun's Battlesphe  Conj           19%        2d7       63%         5
 Ozocubu's Refrigeration  Ice            21%        4d12      97%         7
 Iron Shot                Conj/Erth      9%         9d3       99%         6
 Starburst                Conj/Fire      9%         6d5       99%         6
 Enfeeble                 Hex            9%         N/A       100%        7
 Orb of Destruction       Conj           9%         9d6       100%        7
 Ignition                 Fire           9%         3d5       100%        8
 Lehudib's Crystal Spear  Conj/Erth      9%         10d4      100%        8
 Fire Storm               Conj/Fire      9%         8d3       100%        9
 Summon Small Mammal      Summ           Unusable   N/A       N/A         1
 Call Canine Familiar     Summ           Unusable   N/A       N/A         3
 Summon Guardian Golem    Hex/Summ       Unusable   N/A       N/A         3
 Malign Gateway           Summ/Tloc      Unusable   N/A       N/A         7
 Simulacrum               Ice/Necr       Unusable   N/A       N/A         6
 Summon Cactus Giant      Summ           Unusable   N/A       N/A         6
 Monstrous Menagerie      Summ           Unusable   N/A       N/A         7
 Spellforged Servitor     Conj/Summ      Unusable   N/A       N/A         7
 Summon Hydra             Summ           Unusable   N/A       N/A         7

Dungeon Overview and Level Annotations

Branches:
Dungeon (15/15)            Temple (1/1) D:4            Lair (5/5) D:8
  Swamp (4/4) Lair:2        Snake (4/4) Lair:2        Slime (0/5) Lair:5
    Orc (2/2) D:12            Elf (3/3) Orc:2        Vaults (4/5) D:14
  Crypt (0/3) Vaults:3     Depths (4/4) D:15            Zot (5/5) Depths:4
  IceCv (visited)          WizLab (visited)         Gauntlet (visited)

Altars:
Ashenzari
Cheibriados
Dithmenos
Elyvilon
Gozag
Kikubaaqudgha
Makhleb
Nemelex Xobeh
Okawaru
Qazlal
Ru
Sif Muna
Trog
Uskayaw
Vehumet
Wu Jian
Xom
Zin
The Shining One

Shops:
D:10 *   D:11 (   D:14 !   Orc:2 ([*[   Elf:1 =   Elf:3 [   Snake:2 [
Snake:4 ([**   Vaults:4 (*(*   Depths:1 (

Portals:
Hell: Depths:1 Depths:2 Depths:3 Depths:4
Abyss: Depths:2 Depths:3
Pandemonium: Depths:2
Ziggurat: Depths:2

Annotations:
D:5 3 runed translucent doors, Barriton's ghost, novice DrFE
D:7 1 runed translucent door, Crazy Yiuf; Joseph
D:10 exclusion: oklob sapling, Fannar
Lair:2 exclusion: 2 hell hounds
Elf:2 3 runed translucent doors
Vaults:3 3 runed translucent doors, Qarummed's ghost, adept GnBr
Zot:4 Vv


Innate Abilities, Weirdness & Mutations

You are a lightning-filled tempest!
Your electrical attacks strike out in all directions at once.
You are incredibly evasive.
Your insubstantial body is immune to petrification, constriction, and being set on fire You are flying.
You are immune to poison.
((You have sharp claws.))
((You have razor-sharp teeth.))
You have supernaturally acute eyesight. (SInv)
You are clumsy. (Dex -2)
((You cover ground quickly. (Speed+)))
((Your thick and shaggy fur keeps you warm. (AC +3, rC+)))
You are missing a hand.
You cannot study or use magical devices.
You are hated by all.
((Your paws help you pounce on unaware monsters.))
You are incapable of wielding weapons or throwing items.
You cannot wear armour.
You gain extra lives every three experience levels.
((You have a pair of small horns on your head.))
You sometimes lose your temper in combat.
Your body sometimes deteriorates upon taking damage.
((Your flesh is heat resistant. (rF+)))
You are frail. (-10% HP)
A frigid envelope surrounds you and freezes all who hurt you.
You do not regenerate when monsters are visible.
You expend magic power (3 MP) to strengthen your wands.


Message History

You fly upwards.
There is a stone staircase leading down here.
Your transformation is almost over.
An Orb Guardian comes into view.
You blast the Orb Guardian!!!
The Orb Guardian is severely wounded.
The Orb Guardian hits you!
The Orb Guardian is very cold.
The Orb Guardian is severely wounded.
You barely miss the Orb Guardian.
The Orb Guardian is severely wounded.
You batter the Orb Guardian!!
You kill the Orb Guardian!
No target in view!
(D) Dungeon (T) Temple (L) Lair (S) Swamp (P) Snake Pit (M) Slime Pits (O) Orcish Mines (E) Elven Halls (V) Vaults (C) Crypt (U) Depths (H) Hell (Z) Zot
Where to? (Enter - D:1 @ (x,y), ? - help)
Your transformation has ended.
HP restored.
Things that are here:
a +0 chain mail; a +0 dire flail
There is a stone staircase leading up, spattered with blood here.
Things that are here:
2 boomerangs; a +0 dagger You climb upwards.
Level annotation: 1 runed translucent door, Crazy Yiuf; Joseph
There is a stone staircase leading down, spattered with blood here.
A reaper comes into view. It is wielding a +0 scythe of pain.
Casting: Manifold Assault (safe; 1% risk of failure)
Confirm with . or Enter, or press ? or * to list all spells.
You turn into a lightning-filled tempest!
The reaper hits you from afar with a +0 scythe of pain!!
The reaper is stunned by your conviction and fails to attack.
You blast the reaper!!!
The reaper is heavily wounded.
You hit the reaper but do no damage.
The reaper is heavily wounded.
The reaper hits you with a +0 scythe of pain.
The reaper resists.
The reaper is very cold.
The reaper is heavily wounded.
You hit the reaper.
The reaper is heavily wounded.
You batter the reaper!!
The reaper is almost dead.
The reaper is stunned by your conviction and fails to attack.
You batter the reaper!!
You kill the reaper!
You see here a +0 scythe of pain.
(D) Dungeon (T) Temple (L) Lair (S) Swamp (P) Snake Pit (M) Slime Pits (O) Orcish Mines (E) Elven Halls (V) Vaults (C) Crypt (U) Depths (H) Hell (Z) Zot
Where to? (Enter - D:1 @ (x,y), ? - help) Magic restored.
Things that are here:
a potion of degeneration; a +0 short sword HP restored.
There is a stone staircase leading up here.
You fly upwards.
There is a stone staircase leading down here.
There is a stone staircase leading up here.
You fly upwards.
Level annotation: 3 runed translucent doors, Barriton's ghost, novice DrFE
There is a stone staircase leading down here.
Your transformation is almost over.
There is a stone staircase leading up here.
You fly upwards.
There is a stone staircase leading down here.
Things that are here:
a wand of digging (1); a wand of flame (5)
Your transformation has ended.
A toenail golem comes into view.
The toenail golem moves out of view.
There is a stone staircase leading up here.
You climb upwards.
There is a stone staircase leading down here.
(D) Dungeon (T) Temple (L) Lair (S) Swamp (P) Snake Pit (M) Slime Pits (O) Orcish Mines (E) Elven Halls (V) Vaults (C) Crypt (U) Depths (H) Hell (Z) Zot
Where to? (Enter - D:1 @ (x,y), ? - help)
You open the door.
There is an open door here.
You see here 2 stones.
There is an open door here.
There is a stone staircase leading up here.
You climb upwards.
There is a stone staircase leading down here.
There is a stone staircase leading up here.
You climb upwards.
There is a stone staircase leading down here.
There is an open door here.
There is a staircase leading out of the dungeon here.
Enter note: gg Unknown command.
Casting: Storm Form (dangerous; 1% risk of failure)
Confirm with . or Enter, or press ? or * to list all spells.
You turn into a lightning-filled tempest!
You have escaped!

#....#######.....#########.
####..#.##..................#.
#....>#....##'######..#####.#.
#.....#######.## ##.# #.#.
#.....# #..## #.#####.#.
#.....# #...## #.........
#.....# ##....## #######.#.
#.....######......## #.#.
##......'.....v.....# ##.#.
#.......#####......## #####..#.
#.......## ##....## #≈≈≈≈≈...
#........# #...## #≈###~##.
#........### #..## #≈≈≈≈~...
#..........# #.## ###~≈#≈~.#.
#.......##.###'######..≈≈#≈~.#.
#.......##............#≈≈#≈~.##
#.......######....#####≈≈≈≈≈###


There were no monsters in sight!

Vanquished Creatures
  A dread lich (Zot:5)
  5 orbs of fire
  3 ancient liches
  8 Killer Klowns (Zot:5)
  A caustic shrike (Depths:3)
  Vashnia (Snake:2)
  2 curse toes
  Nikola (Snake:2)
  9 golden dragons
  A profane servitor (Abyss:4)
  3 electric golems
  3 bone dragons
  2 hellephants (Abyss:4)
  Rupert (Orc:2)
  12 tentacled monstrosities
  A walking crystal tome (Depths:2)
  28 Orb Guardians
  2 titans
  10 liches (Abyss:4)
  5 deep elf master archers
  A deep elf blademaster (Elf:3)
  6 quicksilver dragons
  4 sphinxes
  An Executioner (Abyss:4)
  Frances (Snake:1)
  5 death cobs
  Gastronok (D:10)
  20 tentacled starspawn
  Kirke (D:13)
  4 draconian monks
  Donald (Snake:4)
  10 storm dragons
  6 shadow dragons
  9 fire giants
  7 nagarajas
  Roxanne (Swamp:4)
  4 tengu reavers
  2 daevas (Abyss:4)
  An azure jelly (Swamp:4)
  9 draconian knights
  2 ghost moths
  7 frost giants
  9 draconian scorchers
  An iron dragon (Depths:3)
  5 draconian stormcallers
  6 deep elf sorcerers
  5 balrugs
  Aizul (Snake:2)
  9 draconian shifters
  7 deep elf elementalists
  15 vault wardens
  An angel (Abyss:4)
  2 orc warlords
  19 ironbound preservers
  A cacodemon (D:15)
  2 demonspawn corrupters (D:15)
  6 draconian annihilators
  20 very ugly things
  3 war gargoyles
  4 ironbound thunderhulks
  10 stone giants
  3 reapers
  19 green draconians
  5 black draconians
  A minotaur (Gauntlet)
  2 vampire knights
  Azrael (D:13)
  5 deep elf demonologists (Elf:3)
  9 yellow draconians
  7 white draconians
  2 eleionomae
  7 deep elf annihilators
  6 red draconians
  6 bunyips
  4 spark wasps (Depths:3)
  25 dire elephants
  19 purple draconians
  9 statues (WizLab)
  6 deep elf death magi
  7 fire dragons
  2 green deaths
  4 blizzard demons
  11 ettins
  3 eidola
  7 deep elf high priests
  Josephine (Orc:2)
  4 crystal guardians
  2 jiangshi (Depths:2)
  5 entropy weavers
  Harold (Lair:1)
  A quicksilver dragon zombie (Depths:2)
  3 great orbs of eyes
  8 vault guards
  12 ice dragons
  A quicksilver dragon skeleton (Depths:2)
  A salamander tyrant (Snake:4)
  An ogre mage (Abyss:4)
  10 yaktaur captains
  5 peacekeepers
  5 rakshasas
  6 spriggan air magi
  A caustic shrike simulacrum (IceCv)
  3 catoblepae
  13 hydras
  8 ironbound frosthearts
  Erica (Orc:1)
  10 centaur warriors
  A death knight (D:14)
  A ghost crab (Swamp:4)
  A two-headed ogre (shapeshifter) (Depths:2)
  13 alligators
  6 anacondas
  6 boulder beetles
  10 deep troll shamans
  19 naga warriors
  6 death yaks (Lair:5)
  2 two-headed ogres
  7 tengu warriors
  2 spriggan berserkers
  10 dancing weapons
  15 deep troll earth magi
  5 shock serpents
  5 vampire magi
  A hell hog (Abyss:4)
  5 hell knights (Depths:3)
  12 naga sharpshooters
  22 thrashing horrors
  An orc high priest (Orc:2)
  13 deep elf knights
  20 wretched stars
  13 sun demons
  7 iron trolls
  4 salamander mystics (Snake:4)
  7 sixfirhies
  A soul eater (Depths:4)
  3 spatial maelstroms (Abyss:4)
  3 goliath frogs
  2 skysharks
  4 flayed ghosts
  5 naga ritualists (Snake:4)
  4 swamp dragons
  A glowing orange brain (shapeshifter) (D:15)
  A swamp dragon (shapeshifter) (Vaults:4)
  68 deep trolls
  2 glowing orange brains
  14 wizards
  Pikel (D:8)
  A tengu zombie (Vaults:3)
  An obsidian statue (IceCv)
  5 bog bodies
  7 spriggan simulacra (IceCv)
  15 deep elf archers
  23 deep elf pyromancers
  47 large abominations
  15 ironbound convokers
  15 lindwurms
  A phantasmal warrior (Vaults:4)
  6 necromancers
  3 orc knights
  30 deep elf zephyrmancers
  5 harpies
  8 mana vipers
  4 orc sorcerers
  79 ugly things
  A tengu skeleton (Depths:2)
  6 will-o-the-wisps
  2 wolf spiders (shapeshifter)
  24 salamanders
  15 moths of wrath
  4 manticores
  A faun (shapeshifter) (Depths:4)
  5 worldbinders (Abyss:4)
  2 cyclopes
  24 elephants
  A frost giant zombie (Depths:2)
  A human skeleton (Vaults:3)
  2 demonic crawlers (Abyss:4)
  A guardian serpent (shapeshifter) (D:14)
  2 orange demons (Abyss:4)
  3 apocalypse crabs
  A black mamba (shapeshifter) (Depths:3)
  37 black mambas
  3 torpor snails
  8 guardian serpents
  A rust devil (Abyss:4)
  3 gargoyles
  11 cane toads
  12 naga magi
  Maggie (D:6)
  10 vault sentinels
  7 smoke demons (Abyss:4)
  9 rime drakes
  4 kobold demonologists
  An efreet (D:14)
  A hellion (Abyss:4)
  20 yaktaurs
  3 tormentors
  6 freezing wraiths
  7 komodo dragons
  7 unseen horrors
  6 ice devils (IceCv)
  An anaconda simulacrum (IceCv)
  11 ancient zymes
  A golden dragon simulacrum (IceCv)
  15 tengu conjurers
  2 red devils
  A silent spectre (Abyss:1)
  A queen bee (shapeshifter) (Elf:2)
  4 trolls
  2 wind drakes (shapeshifter) (Abyss:4)
  5 polar bears
  12 hornets
  5 hellwings
  A meliai (shapeshifter) (Abyss:4)
  A blink frog (shapeshifter) (Abyss:4)
  2 bloated husks (Swamp:2)
  4 tyrant leeches
  6 dream sheep
  33 raiju (Abyss:4)
  21 blink frogs
  A dream sheep (shapeshifter) (Abyss:4)
  4 jumping spiders
  4 air elementals
  A centaur simulacrum (D:14)
  A culicivora (Vaults:4)
  7 flying skulls
  2 shadows
  11 wraiths
  A dire elephant simulacrum (IceCv)
  54 slime creatures
  Eustachio (D:5)
  A spriggan (shapeshifter) (D:14)
  8 water elementals
  50 yaks
  A yak (shapeshifter) (Abyss:4)
  Grum (D:8)
  8 spriggans
  15 wyverns
  9 basilisks
  2 vampires
  9 ynoxinuls
  6 fire elementals
  5 golden eyes (Abyss:4)
  4 redbacks
  84 starcursed masses
  7 minotaur simulacra (IceCv)
  A yaktaur simulacrum (Vaults:3)
  4 hogs (D:13)
  12 chaos spawn
  2 steam dragons
  11 neqoxecs (Abyss:4)
  10 spatial vortices (Abyss:4)
  6 swamp worm simulacra (Swamp:4)
  11 vampire mosquitoes
  2 harpy simulacra (IceCv)
  42 nagas
  3 acid dragons
  9 wargs
  28 water moccasins
  13 swamp worms
  15 hydra simulacra
  6 hell hounds
  3 black bears
  2 swamp drakes
  32 orc warriors
  An ice beast (D:6)
  A sky beast (D:6)
  2 ettin simulacra (IceCv)
  27 small abominations
  A tengu (Abyss:4)
  18 wolves
  3 boggarts (Vaults:2)
  19 centaurs
  6 ogres
  2 phantoms (D:4)
  5 kobold brigands
  6 bullfrogs
  A gnoll sergeant (D:9)
  2 necrophages (D:7)
  10 deep troll simulacra (IceCv)
  3 scorpions
  17 wights
  14 killer bees (D:9)
  4 lindwurm simulacra (IceCv)
  4 howler monkeys
  6 spriggan skeletons
  A troll skeleton (D:13)
  A crimson imp (Abyss:4)
  3 quasits
  8 hounds
  6 jellies
  A gnoll bouda (D:6)
  2 iron imps (Abyss:4)
  27 orc priests
  25 orc wizards
  3 yak simulacra (D:12)
  A polar bear simulacrum (D:12)
  4 wolf simulacra (D:12)
  13 gnolls
  12 adders
  2 shadow imps
  A white imp (D:5)
  2 swamp drake simulacra (Swamp:4)
  2 worms (D:2)
  89 orcs
  9 endoplasms
  3 giant cockroaches
  5 goblins
  4 hobgoblins
  3 jackals (D:1)
  34 kobolds
  3 quokkas
  11 ball pythons
  7 bats
  6 frilled lizards
  6 rats
  3 river rat simulacra (D:12)
  A bush (Abyss:4)
  3 lurking horrors (Abyss:4)
  13 starspawn tentacles (Abyss:4)
2543 creatures vanquished.

Vanquished Creatures (others)
  An Executioner (Abyss:4)
  A death cob (Zot:3)
  A storm dragon (Zot:1)
  A thorn hunter (Swamp:3)
  A shadow dragon (Depths:2)
  A draconian knight (Zot:2)
  A draconian annihilator (Zot:4)
  A draconian stormcaller (Abyss:4)
  3 dire elephants
  A white draconian (Zot:4)
  An ettin (Depths:1)
  A jiangshi (Depths:2)
  2 hydras
  A centaur warrior (D:14)
  A deep troll earth mage (Depths:2)
  2 deep elf knights
  2 spriggans
  2 deep trolls
  A bog body (Swamp:2)
  A wizard (Vaults:3)
  A spriggan simulacrum (IceCv)
  A deep elf zephyrmancer (Elf:1)
  An ugly thing (Vaults:4)
  A manticore (Lair:5)
  A wolf spider (Lair:5)
  A naga mage (Snake:2)
  A rust devil (Abyss:4)
  A cane toad (Lair:4)
  2 tengu conjurers
  2 bloated husks
  A hornet (Swamp:2)
  3 slime creatures
  A dire elephant simulacrum (IceCv)
  2 water elementals (Depths:2)
  2 small abominations (Abyss:4)
  A chaos spawn (Abyss:4)
  A harpy simulacrum (IceCv)
  An orc warrior (D:12)
  A wolf (Lair:1)
  2 bullfrogs
  A starcursed mass (Abyss:4)
  2 adders
  2 orcs
  2 bushes
  8 demonic plants (Abyss:4)
  13 foxfires
  52 fungi
  A lurking horror (Abyss:4)
  109 plants
  27 starspawn tentacles
  A withered plant (Gauntlet)
271 creatures vanquished.

Grand Total: 2814 creatures vanquished

Notes
Turn   | Place    | Note
-------+----------+-------------------------------------------
     0 | D:5      | Flugkiller the Felid Delver began the quest for the Orb.
     0 | D:5      | Reached XP level 1. HP: 10/10 MP: 2/2
    14 | D:5      | Noticed a centaur
    32 | D:5      | Noticed a black bear
   109 | D:4      | Found a staircase to the Ecumenical Temple.
   133 | Temple   | Entered the Ecumenical Temple
   331 | Temple   | Became a worshipper of Ru the Awakened
   420 | D:3      | Found a transporter.
   514 | D:1      | Reached XP level 2. HP: 14/14 MP: 3/3
  1021 | D:1      | Reached XP level 3. HP: 17/17 MP: 4/4
  1292 | D:1      | Identified a scroll of acquirement
  1453 | D:2      | Found a blossoming altar of Fedhas.
  1562 | D:2      | Gained mutation: You are missing a hand. [Ru sacrifice]
  1562 | D:2      | Reached * piety under Ru
  1562 | D:2      | Reached ** piety under Ru
  1562 | D:2      | Reached *** piety under Ru
  1779 | D:2      | Reached skill level 3 in Unarmed Combat
  1779 | D:2      | Reached XP level 4. HP: 21/22 MP: 5/5
  2121 | D:2      | Found a faded altar of an unknown god.
  2253 | D:3      | Found an ornate altar of the Wu Jian Council.
  2253 | D:3      | Found a broken altar of Ashenzari.
  2254 | D:3      | Found an ancient bone altar of Kikubaaqudgha.
  2258 | D:3      | Found a transporter.
  2548 | D:3      | Found a glowing silver altar of Zin.
  2673 | D:3      | Found a blossoming altar of Fedhas.
  2833 | D:3      | Noticed a gnoll sergeant
  3024 | D:3      | Reached XP level 5. HP: 24/25 MP: 6/6
  3064 | D:3      | Reached skill level 4 in Unarmed Combat
  3213 | D:3      | Gained mutation: Your spells are a little easier to cast,
                  | but a little less powerful. [potion of mutation]
  3240 | D:3      | Reached skill level 1 in Spellcasting
  3322 | D:2      | Learned a level 2 spell: Poisonous Vapours
  3322 | D:2      | Acquired a manual of Poison Magic
  3542 | D:4      | Noticed a phantom
  3626 | D:4      | Reached skill level 1 in Poison Magic
  3639 | D:4      | Reached skill level 1 in Air Magic
  3773 | D:4      | Noticed an ogre
  3804 | D:4      | Killed an ogre
  3805 | D:4      | Gained mutation: You are covered in thick fur. (AC +2)
                  | [Felid growth]
  3805 | D:4      | Reached XP level 6. HP: 28/28 MP: 0/10
  4315 | D:4      | Reached XP level 7. HP: 29/32 MP: 2/11
  4554 | D:5      | Noticed Eustachio
  4682 | D:5      | Reached skill level 5 in Poison Magic
  4811 | D:5      | Found a radiant altar of Vehumet.
  5101 | D:5      | Gained mutation: You cannot study or use magical devices.
                  | [Ru sacrifice]
  5101 | D:5      | Reached **** piety under Ru
  5101 | D:5      | Reached ***** piety under Ru
  5103 | D:5      | Found an opulent altar of Gozag.
  5252 | D:5      | Noticed Barriton's ghost (novice DrFE)
  5254 | D:5      | Found a runed translucent gate.
  5254 | D:5      | Found a runed translucent gate.
  5254 | D:5      | Found a runed translucent gate.
  5312 | D:5      | Reached skill level 5 in Fighting
  5312 | D:5      | Reached XP level 8. HP: 37/37 MP: 1/12
  5430 | D:5      | Killed Eustachio
  5550 | D:6      | Reached skill level 5 in Air Magic
  6196 | D:6      | Reached skill level 5 in Dodging
  7033 | D:6      | Reached XP level 9. HP: 33/43 MP: 6/13
  7037 | D:6      | Learned a level 3 spell: Mephitic Cloud
  7208 | D:6      | Found a shimmering blue altar of Sif Muna.
  7265 | D:6      | Noticed Maggie
  7364 | D:6      | Killed Maggie
  7906 | D:7      | Reached skill level 1 in Transmutations
  7909 | D:7      | Reached skill level 1 in Ice Magic
  8072 | D:7      | Found a runed translucent door.
  8073 | D:7      | Noticed Crazy Yiuf
  8652 | D:7      | Noticed Joseph
  9522 | D:8      | Found a burning altar of Makhleb.
  9522 | D:8      | Found a glowing golden altar of the Shining One.
  9677 | D:8      | Found a staircase to the Lair.
  9810 | D:8      | Reached skill level 10 in Fighting
 10026 | D:8      | Noticed Grum
 10038 | D:8      | Reached XP level 10. HP: 23/51 MP: 5/17
 10192 | D:8      | Killed Grum
 10382 | D:8      | Noticed Pikel
 10415 | D:8      | Killed Pikel
 10560 | D:9      | Reached skill level 5 in Spellcasting
 11015 | D:8      | Reached skill level 5 in Transmutations
 12567 | D:9      | Learned a level 4 spell: Ice Form
 13506 | D:10     | Entered Level 10 of the Dungeon
 13507 | D:10     | Identified the +4 trident of Currency {speed, Fragile Will+
                  | Int+3}
 13746 | D:10     | Noticed a rust devil
 13749 | D:10     | Reached skill level 5 in Unarmed Combat
 14086 | D:10     | Reached XP level 11. HP: 24/54 MP: 15/21
 14127 | D:10     | Found a shadowy altar of Dithmenos.
 14138 | D:10     | Noticed Gastronok
 14414 | D:10     | Killed Gastronok
 14415 | D:10     | Reached skill level 6 in Unarmed Combat
 14576 | D:10     | Reached skill level 7 in Unarmed Combat
 15039 | D:10     | Found Taamumef's Elemental Accessories.
 15568 | D:10     | Noticed Fannar
 15683 | Lair:1   | Entered Level 1 of the Lair of Beasts
 16244 | Lair:1   | Reached skill level 8 in Unarmed Combat
 16884 | Lair:1   | Noticed Harold
 16896 | Lair:1   | Killed Harold
 17268 | Lair:2   | Found a staircase to the Swamp.
 17276 | Lair:2   | Noticed a skyshark
 17293 | Lair:2   | Found a dark tunnel.
 17318 | Lair:2   | Gained mutation: Your thick and shaggy fur keeps you warm.
                  | (AC +3, rC+) [Felid growth]
 17318 | Lair:2   | Reached XP level 12. HP: 58/58 MP: 18/22
 17696 | Lair:2   | Found a staircase to the Snake Pit.
 17722 | Lair:2   | Reached skill level 10 in Transmutations
 18147 | Lair:2   | Noticed a catoblepas
 18860 | Lair:2   | Reached skill level 10 in Air Magic
 18886 | Lair:2   | Killed a catoblepas
 19512 | Lair:3   | Noticed a boulder beetle
 19764 | Lair:3   | Noticed a five-headed hydra
 19773 | Lair:3   | Killed a five-headed hydra
 20492 | Lair:3   | Noticed a four-headed hydra
 20500 | Lair:3   | Killed a four-headed hydra
 20559 | Lair:3   | Killed a boulder beetle
 20663 | Lair:3   | Reached XP level 13. HP: 61/61 MP: 5/23
 20927 | Lair:3   | Learned a level 3 spell: Frozen Ramparts
 20935 | Lair:3   | Learned a level 7 spell: Storm Form
 21466 | Lair:4   | Found a gate leading to a gauntlet.
 21470 | Gauntlet | Entered a Gauntlet
 21470 | Gauntlet | Found a transporter.
 21477 | Gauntlet | Found a transporter.
 21479 | Gauntlet | Found a transporter.
 21492 | Gauntlet | Found a transporter.
 21500 | Gauntlet | Found a transporter.
 21516 | Gauntlet | Found a transporter.
 21517 | Gauntlet | Noticed a dire elephant
 21527 | Gauntlet | Found a transporter.
 21539 | Gauntlet | Found a transporter.
 21554 | Gauntlet | Found a transporter.
 21569 | Gauntlet | Found a transporter.
 21569 | Gauntlet | Found a transporter.
 21611 | Gauntlet | Found a transporter.
 21625 | Gauntlet | Found a transporter.
 21627 | Gauntlet | Found a transporter.
 21736 | Gauntlet | Identified the amulet "Atsuopt" {Acrobat rCorr Int+3 Dex-4}
 22017 | Gauntlet | Identified the +10 broad axe "Gecwuwoh" {drain, Str+6 SInv
                  | Stlth+}
 22017 | Gauntlet | Identified the +7 ice dragon scales "Ocoda" {rF- rC++
                  | Regen+ Int-4 Dex+6 Slay-5}
 22017 | Gauntlet | Noticed a minotaur
 22022 | Gauntlet | Killed a minotaur
 22056 | Gauntlet | Identified the +2 cloak "Topuot" {Regen+ SInv}
 23112 | Lair:4   | Reached skill level 5 in Ice Magic
 23303 | Lair:4   | Gained mutation: You are hated by all. [Ru sacrifice]
 23426 | Lair:5   | Entered Level 5 of the Lair of Beasts
 23586 | Lair:5   | Found a staircase to the Slime Pits.
 24718 | Lair:5   | Reached skill level 15 in Transmutations
 25403 | Lair:5   | Reached XP level 14. HP: 42/61 MP: 15/24
 27802 | Lair:4   | HP: 3/78 [death yak (22)]
 29436 | D:11     | Found Lewaptag's Antique Weapon Emporium.
 31214 | D:12     | Found a staircase to the Orcish Mines.
 31695 | D:13     | Gained mutation: You are frail. (-10% HP) [mutagenic glow]
 32042 | D:13     | Noticed Azrael
 32184 | D:12     | Lost mutation: Your spells are a little easier to cast, but
                  | a little less powerful. [potion of mutation]
 32184 | D:12     | Lost mutation: You are frail. (-10% HP) [potion of
                  | mutation]
 32184 | D:12     | Gained mutation: You are robust. (+10% HP) [potion of
                  | mutation]
 32184 | D:12     | Gained mutation: You are partially covered in iridescent
                  | scales. (AC +2) [potion of mutation]
 32184 | D:12     | Gained mutation: Your magical capacity is low. (-10% MP)
                  | [potion of mutation]
 32299 | D:13     | Killed Azrael
 32447 | D:13     | Noticed Kirke
 32457 | D:13     | Reached XP level 15. HP: 71/75 MP: 18/24
 32460 | D:13     | Killed Kirke
 32716 | D:13     | Learned a level 2 spell: Wereblood
 33156 | D:14     | Reached skill level 15 in Air Magic
 33270 | D:14     | Found Wolay's Distillery.
 33275 | D:14     | Bought a potion of heal wounds for 65 gold pieces
 33275 | D:14     | Bought a potion of heal wounds for 65 gold pieces
 33542 | D:14     | Found a gate to the Vaults.
 34382 | D:15     | Entered Level 15 of the Dungeon
 34485 | D:15     | Gained mutation: You are clumsy. (Dex -2) [Ru sacrifice]
 34485 | D:15     | Reached ****** piety under Ru
 35158 | D:15     | Found a staircase to the Depths.
 35291 | Orc:1    | Entered Level 1 of the Orcish Mines
 35304 | Orc:1    | Noticed Erica
 35318 | Orc:1    | Killed Erica
 35696 | Orc:2    | Entered Level 2 of the Orcish Mines
 35696 | Orc:2    | Noticed Rupert
 35714 | Orc:2    | Killed Rupert
 36393 | Orc:2    | Reached XP level 16. HP: 83/83 MP: 20/27
 36393 | Orc:2    | Found a staircase to the Elven Halls.
 36632 | Orc:2    | Found Nyacwad's Antique Weapon Emporium.
 36635 | Orc:2    | Found Oblotaji's Antique Armour Shoppe.
 37001 | Orc:2    | Found Ydun's General Store.
 37009 | Orc:2    | Bought a scroll of blinking for 112 gold pieces
 37045 | Orc:2    | Noticed Josephine
 37074 | Orc:2    | Found Damoj's Antique Armour Shop.
 37078 | Orc:2    | Killed Josephine
 37305 | Orc:2    | Learned a level 4 spell: Manifold Assault
 37636 | Swamp:1  | Entered Level 1 of the Swamp
 37661 | Swamp:1  | Reached skill level 1 in Translocations
 37702 | Swamp:1  | Reached skill level 10 in Spellcasting
 38620 | Swamp:2  | Reached skill level 5 in Translocations
 38792 | Swamp:2  | You fall into a shaft and drop 1 floor!
 38821 | Swamp:3  | Killed from afar by an eleionoma
 38822 | Swamp:3  | Reached XP level 15. HP: -7/80 MP: 20/27
 39198 | Swamp:3  | Noticed a thorn hunter
 39202 | Swamp:3  | Killed a thorn hunter
 39220 | Swamp:3  | Reached skill level 10 in Translocations
 39651 | Swamp:4  | Entered Level 4 of the Swamp
 39742 | Swamp:4  | Found a frozen archway.
 39757 | IceCv    | Entered an ice cave
 41891 | IceCv    | Reached skill level 9 in Unarmed Combat
 42072 | IceCv    | Reached XP level 16. HP: 37/80 MP: 13/28
 42422 | IceCv    | Reached skill level 10 in Dodging
 42758 | IceCv    | Found the +7 great mace "Undeadhunter" {deathbane, rN+}
 43614 | Swamp:4  | Identified Roxanne's Codex of Modification
 43614 | Swamp:4  | Noticed Roxanne
 45575 | Swamp:4  | Killed Roxanne
 45869 | Swamp:4  | Reached skill level 10 in Unarmed Combat
 46110 | Swamp:4  | Got a decaying rune of Zot
 46571 | Snake:1  | Entered Level 1 of the Snake Pit
 46687 | Snake:1  | Noticed Frances
 46702 | Snake:1  | Killed Frances
 46919 | Snake:1  | Got the Precepts of Translocational Haze
 47664 | Snake:2  | Found Zuji Zeto's Armour Boutique.
 47699 | Snake:2  | Reached skill level 11 in Unarmed Combat
 47872 | Snake:2  | Noticed Nikola
 47881 | Snake:2  | Killed Nikola
 47887 | Snake:2  | Noticed Aizul
 47900 | Snake:2  | Killed Aizul
 47917 | Snake:2  | Reached skill level 12 in Unarmed Combat
 47926 | Snake:2  | Noticed Vashnia
 48684 | Snake:2  | Killed Vashnia
 49320 | Snake:3  | Reached skill level 13 in Unarmed Combat
 49606 | Snake:3  | Reached XP level 17. HP: 79/90 MP: 16/28
 50379 | Snake:4  | Entered Level 4 of the Snake Pit
 50643 | Snake:4  | Noticed Donald
 50660 | Snake:4  | Killed Donald
 50665 | Snake:4  | Reached skill level 14 in Unarmed Combat
 51151 | Snake:4  | Found Tounyep's Antique Weapon Boutique.
 52012 | Snake:4  | Reached skill level 15 in Unarmed Combat
 53281 | Snake:4  | Got a serpentine rune of Zot
 53365 | Snake:4  | Found Xaus's Armour Boutique.
 53379 | Snake:4  | Found Elup's Assorted Antiques.
 53379 | Snake:4  | Found Inumiurch's General Store.
 53387 | Snake:4  | Bought a potion of heal wounds for 125 gold pieces
 53392 | Snake:4  | Bought a potion of cancellation for 104 gold pieces
 53392 | Snake:4  | Bought a scroll of magic mapping for 97 gold pieces
 53502 | Snake:4  | Bought a garnet ring for 125 gold pieces
 53957 | Vaults:1 | Entered Level 1 of the Vaults
 54200 | Vaults:1 | Found a magical portal.
 54205 | WizLab   | Entered Iskenderun's Mystic Tower
 55784 | WizLab   | Reached XP level 18. HP: 95/95 MP: 30/30
 57719 | WizLab   | Got Iskenderun's Monograph on Trauma
 57719 | WizLab   | Got Iskenderun's Almanac of the Missiles
 57762 | WizLab   | Learned a level 7 spell: Dragon Form
 57768 | WizLab   | Learned a level 5 spell: Irradiate
 57958 | Vaults:1 | Identified the +9 sling of Quepairo {freeze, rF+ Dex+3}
 59011 | Vaults:1 | Reached skill level 15 in Fighting
 60047 | Vaults:2 | Reached skill level 15 in Translocations
 60310 | Vaults:2 | Reached XP level 19. HP: 74/102 MP: 1/32
 60681 | Vaults:2 | Found a transporter.
 60722 | Vaults:2 | Found a transporter.
 61736 | Vaults:2 | Reached skill level 15 in Dodging
 62875 | Vaults:3 | Found a staircase to the Crypt.
 63033 | Vaults:3 | Reached skill level 16 in Unarmed Combat
 63114 | Vaults:3 | Found a runed translucent gate.
 63114 | Vaults:3 | Found a runed translucent gate.
 63622 | Vaults:3 | Found a runed translucent gate.
 63666 | Vaults:3 | Noticed Qarummed's ghost (adept GnBr)
 64640 | Vaults:4 | Reached XP level 20. HP: 94/108 MP: 18/33
 64677 | Vaults:4 | Found Gozag's Assorted Antiques.
 64708 | Vaults:4 | Found an opulent altar of Gozag.
 64708 | Vaults:4 | Found Gozag's Assorted Antiques.
 64768 | Vaults:4 | Found Gozag's Antique Weapon Shoppe.
 65253 | Vaults:4 | Reached skill level 17 in Unarmed Combat
 65346 | Vaults:4 | Found Nofirphuu's Antique Weapon Shoppe.
 66538 | Elf:1    | Entered Level 1 of the Elven Halls
 67097 | Elf:1    | Found Puk Ofae's Jewellery Emporium.
 67146 | Elf:1    | Identified the +8 great mace "Tugol" {chaos, rCorr Str-5
                  | Int+6}
 68066 | Elf:2    | Found a runed translucent gate.
 68066 | Elf:2    | Found a runed translucent gate.
 68067 | Elf:2    | Found a runed translucent gate.
 68822 | Elf:3    | Entered Level 3 of the Elven Halls
 69142 | Elf:3    | Reached XP level 21. HP: 101/115 MP: 4/34
 69420 | Elf:3    | Found Faodonn's Armour Shop.
 69492 | Elf:3    | Reached skill level 18 in Unarmed Combat
 70617 | Elf:3    | Identified the +6 dagger "Henysi" {freeze, Will+ SInv}
 71459 | Elf:3    | Identified the +10 long sword "Jiwyrph" {flame, rC+ rN+
                  | Will+ Dex-4}
 71571 | Elf:3    | Identified the +5 scimitar "Goclyru" {drain, rC- Dex+4
                  | SInv}
 71728 | Elf:3    | Identified the amulet "Offu" {Reflect Harm rC+ Str+2 SH+5}
 72174 | Elf:3    | Got the Grimoire of Pestilence
 72219 | Elf:3    | Got the Writings on Crystalline Support
 72534 | Depths:1 | Entered Level 1 of the Depths
 73048 | Depths:1 | Found Boqiy's Weapon Emporium.
 73078 | Depths:1 | Identified the amulet of Satsugevve {Spirit Rampage
                  | *Corrode rElec Stlth+}
 73165 | Depths:1 | Found a gateway to Hell.
 73589 | Depths:2 | Reached skill level 19 in Unarmed Combat
 73840 | Depths:2 | Found a one-way gate leading to the halls of Pandemonium.
 73866 | Depths:2 | Noticed a golden dragon
 73871 | Depths:2 | Found a glowing silver altar of Zin.
 73872 | Depths:2 | Killed a golden dragon
 73920 | Depths:2 | Noticed a golden dragon
 73929 | Depths:2 | Identified the +0 pair of gloves of Relativism {Contam
                  | rElec rN+ Int+3}
 73933 | Depths:2 | Killed a golden dragon
 74003 | Depths:2 | Reached XP level 22. HP: 87/117 MP: 30/35
 74376 | Depths:2 | Found a one-way gateway to a ziggurat.
 74715 | Depths:2 | Found a one-way gate to the infinite horrors of the Abyss.
 75295 | Depths:3 | Noticed a golden dragon
 75354 | Depths:2 | Killed a golden dragon
 75355 | Depths:2 | Reached skill level 20 in Unarmed Combat
 76941 | Depths:3 | Noticed a caustic shrike
 76956 | Depths:3 | Killed a caustic shrike
 77562 | Depths:4 | Entered Level 4 of the Depths
 77803 | Depths:4 | Got the Disquisition on the Mesa and the Coals
 78380 | Depths:4 | Reached skill level 21 in Unarmed Combat
 78389 | Depths:4 | Reached XP level 23. HP: 121/128 MP: 4/37
 78697 | Depths:4 | Found a white marble altar of Elyvilon.
 78849 | Depths:4 | Found a gate to the Realm of Zot.
 79204 | Elf:1    | Bought the amulet of Recklessness {RegenMP Regen+ Str+3}
                  | for 822 gold pieces
 79490 | Depths:2 | Voluntarily entered the Abyss.
 79491 | Abyss:1  | Found a corrupted altar of Lugonu.
 79575 | Abyss:1  | Found a corrupted altar of Lugonu.
 80039 | Abyss:1  | Found a corrupted altar of Lugonu.
 80064 | Depths:2 | Escaped the Abyss
 80066 | Depths:2 | Voluntarily entered the Abyss.
 80199 | Abyss:1  | Found a corrupted altar of Lugonu.
 80234 | Abyss:4  | Found a corrupted altar of Lugonu.
 80413 | Abyss:4  | Found a corrupted altar of Lugonu.
 80439 | Abyss:4  | Reached skill level 22 in Unarmed Combat
 80493 | Depths:2 | Escaped the Abyss
 80502 | Depths:2 | Voluntarily entered the Abyss.
 80592 | Depths:2 | Escaped the Abyss
 80695 | Depths:2 | Voluntarily entered the Abyss.
 81044 | Depths:2 | Escaped the Abyss
 81081 | Depths:2 | Voluntarily entered the Abyss.
 81155 | Abyss:4  | Gained mutation: You sometimes lose your temper in combat.
                  | [a neqoxec]
 81181 | Abyss:4  | Found a corrupted altar of Lugonu.
 81194 | Abyss:4  | Found a corrupted altar of Lugonu.
 81194 | Abyss:4  | Found a corrupted altar of Lugonu.
 81246 | Abyss:4  | Reached skill level 23 in Unarmed Combat
 81487 | Depths:2 | Escaped the Abyss
 81502 | Depths:2 | Lost mutation: Your magical capacity is low. (-10% MP)
                  | [potion of mutation]
 81502 | Depths:2 | Lost mutation: You sometimes lose your temper in combat.
                  | [potion of mutation]
 81502 | Depths:2 | Lost mutation: You are partially covered in iridescent
                  | scales. (AC +2) [potion of mutation]
 81502 | Depths:2 | Gained mutation: Potions are less effective at restoring
                  | your health. [potion of mutation]
 81502 | Depths:2 | Gained mutation: Your system is resistant to poisons.
                  | (rPois) [potion of mutation]
 81509 | Depths:2 | Voluntarily entered the Abyss.
 81678 | Abyss:4  | Found a corrupted altar of Lugonu.
 82034 | Abyss:4  | Paralysed by accursed screaming for 2 turns
 82039 | Abyss:4  | Paralysed by accursed screaming for 1 turns
 82045 | Abyss:4  | Paralysed by accursed screaming for 1 turns
 82169 | Abyss:4  | Reached skill level 24 in Unarmed Combat
 82183 | Abyss:4  | Noticed an ancient lich
 82198 | Abyss:4  | Killed an ancient lich
 82238 | Abyss:4  | Reached XP level 24. HP: 121/134 MP: 41/41
 82345 | Abyss:4  | Found a corrupted altar of Lugonu.
 82362 | Abyss:4  | Found a corrupted altar of Lugonu.
 82362 | Abyss:4  | Found a corrupted altar of Lugonu.
 82468 | Abyss:4  | Gained mutation: You sometimes lose your temper in combat.
                  | [a neqoxec]
 82480 | Abyss:4  | Gained mutation: You occasionally lose the ability to read
                  | scrolls when taking damage. [a neqoxec]
 82482 | Abyss:4  | Lost mutation: Potions are less effective at restoring your
                  | health. [potion of mutation]
 82482 | Abyss:4  | Lost mutation: You occasionally lose the ability to read
                  | scrolls when taking damage. [potion of mutation]
 82482 | Abyss:4  | Gained mutation: You passively dampen the noise of your
                  | surroundings. [potion of mutation]
 82483 | Abyss:4  | Lost mutation: Your system is resistant to poisons. (rPois)
                  | [potion of mutation]
 82483 | Abyss:4  | Lost mutation: You passively dampen the noise of your
                  | surroundings. [potion of mutation]
 82483 | Abyss:4  | Lost mutation: You sometimes lose your temper in combat.
                  | [potion of mutation]
 82483 | Abyss:4  | Gained mutation: You occasionally lose the ability to drink
                  | potions when taking damage. [potion of mutation]
 82483 | Abyss:4  | Gained mutation: You expend magic power (3 MP) to
                  | strengthen your wands. [potion of mutation]
 82483 | Abyss:4  | Gained mutation: You have a pair of small horns on your
                  | head. [potion of mutation]
 82582 | Abyss:4  | Reached skill level 25 in Unarmed Combat
 82814 | Abyss:4  | Noticed an ancient lich
 82821 | Abyss:4  | Killed an ancient lich
 82824 | Depths:2 | Escaped the Abyss
 82878 | Depths:2 | Voluntarily entered the Abyss.
 83144 | Depths:2 | Escaped the Abyss
 83150 | Depths:2 | Voluntarily entered the Abyss.
 83181 | Abyss:4  | Found a corrupted altar of Lugonu.
 83181 | Abyss:4  | Found a corrupted altar of Lugonu.
 83181 | Abyss:4  | Found a corrupted altar of Lugonu.
 83225 | Abyss:4  | Found a corrupted altar of Lugonu.
 83289 | Abyss:4  | Reached skill level 26 in Unarmed Combat
 83292 | Depths:2 | Escaped the Abyss
 83301 | Depths:2 | Voluntarily entered the Abyss.
 83356 | Abyss:4  | Found a corrupted altar of Lugonu.
 83368 | Abyss:4  | Found a corrupted altar of Lugonu.
 83397 | Abyss:4  | Got an abyssal rune of Zot
 83398 | Abyss:4  | for fucks sake that took way too long
 83450 | Depths:2 | Escaped the Abyss
 83460 | Depths:2 | Acquired 1025 gold pieces
 83564 | Zot:1    | Entered Level 1 of the Realm of Zot
 83777 | Depths:4 | Learned a level 3 spell: Vhi's Electric Charge
 83780 | Depths:4 | Learned a level 2 spell: Blink
 83787 | Depths:4 | Learned a level 6 spell: Statue Form
 84219 | Zot:2    | Reached skill level 27 in Unarmed Combat
 84326 | Zot:3    | Noticed an orb of fire
 84587 | Zot:2    | Gained mutation: You sometimes lose your temper in combat.
                  | [an orb of fire]
 84589 | Zot:2    | Killed an orb of fire
 84685 | Zot:2    | Lost mutation: You are robust. (+10% HP) [potion of
                  | mutation]
 84685 | Zot:2    | Lost mutation: You occasionally lose the ability to drink
                  | potions when taking damage. [potion of mutation]
 84685 | Zot:2    | Lost mutation: You sometimes lose your temper in combat.
                  | [potion of mutation]
 84685 | Zot:2    | Gained mutation: A frigid envelope surrounds you and
                  | freezes all who hurt you. [potion of mutation]
 84685 | Zot:2    | Gained mutation: You have hidden genetic defects. [potion
                  | of mutation]
 84685 | Zot:2    | Gained mutation: Your flesh is heat resistant. (rF+)
                  | [potion of mutation]
 84819 | Zot:3    | Reached XP level 25. HP: 111/125 MP: 40/41
 85224 | Zot:4    | Noticed Vv
 85297 | Zot:3    | Gained mutation: You sometimes lose your temper in combat.
                  | [hidden defects]
 85942 | Zot:5    | Entered Level 5 of the Realm of Zot
 86241 | Zot:4    | Gained mutation: You are frail. (-10% HP) [hidden defects]
 86241 | Zot:4    | Lost mutation: You have hidden genetic defects. [hidden
                  | defects expressed]
 86268 | Zot:5    | Noticed an ancient lich
 86272 | Zot:5    | Killed an ancient lich
 86272 | Zot:5    | Noticed an orb of fire
 86312 | Zot:5    | Noticed a dread lich
 86312 | Zot:5    | Noticed an orb of fire
 86319 | Zot:5    | Killed a dread lich
 86333 | Zot:5    | Gained mutation: You do not regenerate when monsters are
                  | visible. [an orb of fire]
 86341 | Zot:5    | Gained mutation: Your body sometimes deteriorates upon
                  | taking damage. [an orb of fire]
 86342 | Zot:5    | Killed an orb of fire
 86351 | Zot:5    | Killed an orb of fire
 86463 | Zot:5    | Noticed a Killer Klown
 86474 | Zot:5    | Killed a Killer Klown
 86482 | Zot:5    | Noticed a Killer Klown
 86489 | Zot:5    | Killed a Killer Klown
 86574 | Zot:5    | Noticed a Killer Klown
 86576 | Zot:5    | Killed a Killer Klown
 86587 | Zot:5    | Noticed a Killer Klown
 86601 | Zot:5    | Killed a Killer Klown
 86918 | Zot:5    | Noticed an orb of fire
 86924 | Zot:5    | Killed an orb of fire
 86925 | Zot:5    | Reached skill level 15 in Spellcasting
 86930 | Zot:5    | Noticed an orb of fire
 86938 | Zot:5    | Killed an orb of fire
 86976 | Zot:5    | Noticed a Killer Klown
 87054 | Zot:5    | Killed a Killer Klown
 87070 | Zot:5    | Noticed a Killer Klown
 87082 | Zot:5    | Killed a Killer Klown
 87179 | Zot:5    | Reached XP level 26. HP: 117/117 MP: 21/43
 87973 | Zot:5    | Got the Orb of Zot
 88059 | Zot:1    | Identified the +2 pair of gloves of the Alphagorgon {Will+
                  | Dex+4}
 88188 | Depths:2 | Noticed Hifolog the pandemonium lord
 88271 | D:15     | Noticed Ruimp the pandemonium lord
 88619 | D:1      | gg
 88621 | D:$      | Escaped with the Orb!

Illustrated notes #≈ ≈§≈# §#.. ##≈≈.≈≈## ⌠ . ## ....≈ # .#. #≈..... ≈§ # . ≈ ≈..§#.#§. ≈ # ≈≈ .##'##..≈ ≈.# . ≈≈ .#8⌠)#. ≈≈§ ♣. #.≈≈≈ #..⌠# ≈§§h~.. . ≈§ 8#.v.#8§≈ ≈.#. §§≈≈..#⌠..#. § h ≈≈ ..#####.§ .. ≈§≈§ ###.§§§§≈§.. #### #≈§. .) †§##§≈# . . .. # §...≈## ≈_ . .. §§≈≈# .⌠ ## ≈ . ≈≈≈# ≈.# # . . §§≈§ Turn 83398 on Abyss:4: for fucks sake that took way too long

#....#######.....#########.
####..#.##..................#.
#....>#....##'######..#####.#.
#.....#######.## ##.# #.#.
#.....# #..## #.#####.#.
#.....# #...## #.........
#.....# ##....## #######.#.
#.....######......## #.#.
##......'.....@.....# ##.#.
#.......#####......## #####..#.
#.......## ##....## #≈≈≈≈≈...
#........# #...## #≈###~##.
#........### #..## #≈≈≈≈~...
#..........# #.## ###~≈#≈~.#.
#.......##.###'######..≈≈#≈~.#.
#.......##............#≈≈#≈~.##
#.......######....#####≈≈≈≈≈###


Turn 88619 on D:1: gg

Levels and vault maps discovered:
D:1:      mrwooster_arrival_arrow, layout_basic, minmay_crystal_water
D:2:      layout_basic, basic_altar,
          dreamdust_ecumenical_altar_angels_and_demons, st_stairs_12
D:3:      layout_loops_corners, mainiacjoe_overflow_swirl,
          gammafunk_temple_overflow_arena
D:4:      layout_loops_ring, minmay_temple_entry_stoned_glass
D:5:      layout_basic, nicolae_vehumet_altar_sigil, nicolae_gozag_seed_capital,
          gammafunk_ghost_split, minmay_manual_mares, uniq_eustachio
D:6:      layout_basic, nicolae_sif_muna_little_library, uniq_maggie
D:7:      layout_loops_ring, kennysheep_potato, uniq_crazy_yiuf_cottage,
          uniq_joseph
D:8:      layout_basic, chequers_temple_overflow_statue_of_worship,
          dpeg_oklobed_lair, uniq_grum, uniq_pikel
D:9:      layout_basic, serial_rivers, chequers_serial_rivers_micro_d,
          chequers_serial_rivers_micro_d, chequers_serial_rivers_small_3,
          chequers_serial_rivers_micro_e, chequers_serial_rivers_room_b,
          chequers_serial_rivers_small_3
D:10:     layout_roguey, mainiacjoe_overflow_boulevard, nicolae_elemental_shop,
          introduction_to_nature_2, uniq_fannar, uniq_gastronok
D:11:     kennysheep_spiral_hall, layout_gridville, serial_shops, shop
D:12:     layout_layer_cave, david_orc_1_choice,
          hangedman_abyss_or_decor_jellyfish_corner, eino_house_with_fridge
D:13:     layout_long_grid, hangedman_tell_no_tales, uniq_kirke, uniq_azrael
D:14:     layout_stronghold, lightli_vaults_fourway_checkpoint,
          kennysheep_cluttered_room, serial_shops, shop
D:15:     gammafunk_enter_depths_forms, layout_rooms,
          chequers_serial_rivers_marsh
Temple:   grunt_temple_mini_profane
Lair:1:   layout_cave_pods, st_stairs_10, uniq_harold
Lair:2:   layout_regular_city, swamp_mist_pool,
          minmay_snake_entry_six_corridors, enter_volcano_3,
          hangedman_lair_unloving_vines, minmay_holes
Lair:3:   layout_long_grid, nicolae_lair_lil_pond
Lair:4:   layout_layer_cave, gauntlet_entry_generic, infiniplex_staircase_pool
Lair:5:   hangedman_lair_tendril_chambers, layout_long_grid,
          hangedman_lair_in_review, nicolae_slime_entry_slimehenge, minivault_24
Swamp:1:  layout_falls_marsh, evilmike_swamp_ruin_rubble_1
Swamp:2:  layout_basic_swamp, nicolae_swamp_dense_foliage,
          nicolae_swamp_super_fun_site
Swamp:3:  layout_basic_swamp, nicolae_swamp_decorative_isthmus
Swamp:4:  swamp_icy, layout_basic_swamp, portal_ice_cave_entry_pillars_1,
          uniq_roxanne
Snake:1:  layout_basic, serial_bayou_crossing, uniq_frances
Snake:2:  layout_onion, serial_shops, nicolae_stop_n_shop_2,
          grunt_ministairs_13, serial_bayou_pond_c,
          nicolae_coiled_stairwell_down, uniq_vashnia, uniq_aizul, uniq_nikola
Snake:3:  layout_concentric_octagons
Snake:4:  johnstein_snake_rune_scales, layout_rooms, serial_shops, shop,
          nicolae_snake_serpentine_bazaar, uniq_donald
Orc:1:    layout_caves, uniq_erica
Orc:2:    grunt_orc_community_town_hall, layout_diamond_mine,
          grunt_orc_community_big_house_1, grunt_orc_community_big_house_1,
          grunt_orc_community_house_2, grunt_orc_community_house_2,
          grunt_orc_community_house_2, grunt_orc_community_house_1, basic_altar,
          uniq_josephine, uniq_rupert
Elf:1:    elf_arrival_001, layout_loops_cross, serial_shops, shop_fountains,
          hangedman_corner_corridor, minmay_checkered_concentric_circles
Elf:2:    elven_hall_of_blades_hangedman_original
          [infiniplex_blade_entry_pillars], layout_geoelf_diagonals,
          nicolae_elf_martial_mastery, uniq_louise, uniq_saint_roka
Elf:3:    minmay_elf_hall_not_hex, layout_gridlike, serial_shops,
          nicolae_square_shop
Vaults:1: mu_enter_wizlab_1, ontoclasm_vaults_decontamination, v_misc_2,
          v_alt_pattern_1, hangedman_vaults_stitches, dpeg_vaults_monster_box,
          nicolae_vaults_little_squares_5, v_misc_14, grunt_vaults_hallway_long,
          vaults_room_fours, nicolae_vaults_little_ls,
          nicolae_vaults_little_squares_2, v_misc_26,
          ontoclasm_vaults_ring_square, vaults_standard_mumra_lines,
          ontoclasm_vaults_idyll, layout_vaults_omnibox
Vaults:2: v_misc_16, gammafunk_dig_for_victory, grunt_vaults_diagonal,
          hangedman_vaults_river_flow, nicolae_vaults_network_barrier,
          v_misc_33, v_misc_24, ontoclasm_vaults_chip, layout_vaults_maze
Vaults:3: gammafunk_ghost_necromancy, minmay_crypt_entry_simple_statues,
          hangedman_vaults_restitches, v_misc_9, nicolae_vaults_border_crossing,
          nicolae_vaults_circle_grid_b, vaults_mumra_minichess,
          ontoclasm_vaults_spin, hangedman_vaults_hat,
          nicolae_vaults_diagonal_hallway_7, layout_vaults_omnigrid
Vaults:4: kennysheep_vaults_gozag_temple, v_misc_4, v_alt_pattern_4,
          nicolae_vaults_mini_display_case, v_misc_14, hangedman_vaults_slice,
          vaults_dpeg_ring, vaults_room_semicircle, vaults_mumra_hex,
          layout_vaults_chaotic_city, serial_shops, shop
Depths:1: layout_small_grid, pf_dread_powers_of_hell, serial_shops,
          nicolae_shop_bloodbath_and_beyond, feat_on_display
Depths:2: hangedman_cross_cluster, layout_honeycomb, enter_ziggurat_d,
          hell_entry, roderic_nine_men_s_morris, minmay_room_of_horrors,
          pan_entry, lemuel_freeze_loot_1
Depths:3: nzn_winding_woodlands_stair_cross [nzn_winding_woodlands_5x15_garden,
          nzn_winding_woodlands_center_lodge, nzn_winding_woodlands_5x15_zeroes,
          nzn_winding_woodlands_5x5_cross, nzn_winding_woodlands_hourglass,
          nzn_winding_woodlands_5x15_sidewinder,
          nzn_winding_woodlands_center_garden,
          nzn_winding_woodlands_5x15_sawtooth], layout_gridlike, hell_entry,
          hangedman_abyss_entry_splay, minmay_staircase_windowed_small
Depths:4: grunt_zot_entry_gee_three, layout_basic, hell_entry, lemuel_tele_altar
Zot:1:    layout_gridlike
Zot:2:    layout_cellular_growth, st_small_dragon_hoard_3
Zot:3:    layout_onion_interference
Zot:4:    layout_concentric_octagons, hangedman_zot_decor_scrapings,
          grunt_megastairs_5, uniq_vv
Zot:5:    layout_misc_corridors, st_stairs_10

Skill      XL: |  1  2  3  4  5  6  7  8  9 10 11 12 13 14 15 16 17 18 19 20 21 22 23 24 25 26 |
---------------+-------------------------------------------------------------------------------+-----
Dodging        | 3 4 8 9 12 13 14 16 18 20 | 20.0
Unarmed Combat | 3 4 5 8 9 13 15 16 17 19 21 24 27 | 27.0
Fighting       | 4 5 8 10 12 13 14 15 16 17 19 20 | 20.0
Spellcasting   | 2 4 6 7 9 10 11 12 13 15 | 15.9
Poison Magic   | 2 4 6 |  6.0
Air Magic      | 1 2 4 5 8 10 12 14 16 17 18 | 18.3
Transmutations | 3 8 9 13 15 16 17 18 20 | 20.8
Ice Magic      | 3 4 5 |  5.0
Translocations | 10 7 15 18 | 18.0
Stealth        | |  6.6

Action                     |  1- 3 |  4- 6 |  7- 9 | 10-12 | 13-15 | 16-18 | 19-21 | 22-24 | 25-27 || total
---------------------------+-------+-------+-------+-------+-------+-------+-------+-------+-------++-------
  Melee: Unarmed           |   106 |   112 |   282 |   593 |  1419 |  1522 |  1275 |  1587 |   469 ||  7365
         Bite              |    11 |     9 |    39 |    21 |    12 |     4 |     1 |    14 |     4 ||   115
         Punch             |     2 |       |       |       |       |       |       |       |       ||     2
         Tailslap          |       |       |       |       |       |     3 |       |     9 |    11 ||    23
         Headbutt          |       |       |       |       |       |       |       |     3 |       ||     3
   Cast: Poisonous Vapours |       |     9 |   134 |   237 |     3 |       |       |       |       ||   383
         Mephitic Cloud    |       |       |     4 |    14 |     8 |       |     1 |       |       ||    27
         Ice Form          |       |       |       |    39 |    56 |       |       |       |       ||    95
         Storm Form        |       |       |       |       |    72 |   150 |    93 |    87 |    33 ||   435
         Manifold Assault  |       |       |       |       |    93 |   429 |   317 |   166 |   154 ||  1159
         Wereblood         |       |       |       |       |     5 |    27 |    20 |    24 |     5 ||    81
         Dragon Form       |       |       |       |       |       |     5 |       |     6 |     3 ||    14
         Irradiate         |       |       |       |       |       |     4 |    15 |    17 |     9 ||    45
         Statue Form       |       |       |       |       |       |       |       |     1 |       ||     1
         Vhi's Electric Ch |       |       |       |       |       |       |       |       |     3 ||     3
 Invoke: Sacrifice a Hand  |     1 |       |       |       |       |       |       |       |       ||     1
         Draw Out Power    |       |       |     6 |     5 |     6 |     7 |     5 |     1 |     1 ||    31
         Sacrifice Artific |       |       |     1 |       |       |       |       |       |       ||     1
         Power Leap        |       |       |    14 |    17 |     9 |     3 |     1 |       |       ||    44
         Reject Sacrifices |       |       |     1 |     1 |     1 |       |       |       |       ||     3
         Apocalypse        |       |       |       |     1 |     8 |     2 |     2 |     1 |     1 ||    15
         Sacrifice Love    |       |       |       |       |     1 |       |       |       |       ||     1
         Sacrifice Purity  |       |       |       |       |     1 |       |       |       |       ||     1
Ability: End Transformatio |       |       |       |     4 |     5 |     2 |     1 |     3 |     2 ||    17
         Blinkbolt         |       |       |       |       |    11 |     7 |     8 |     9 |       ||    35
  Evoke: Wand              |     2 |       |       |       |       |       |       |       |       ||     2
    Use: Potion            |     2 |     3 |     1 |     5 |     8 |     1 |     1 |     5 |     2 ||    28
         Scroll            |     3 |     7 |     5 |     6 |    11 |     5 |     3 |     6 |     6 ||    52
   Stab: Sleeping          |    16 |    14 |     4 |     5 |     7 |    10 |     4 |     4 |       ||    64
         Distracted        |     1 |     2 |     1 |     4 |    10 |     8 |     7 |    19 |     2 ||    54
         Invisible         |       |       |     3 |     1 |     7 |    10 |     2 |     8 |    13 ||    44
         Confused          |       |       |       |     8 |     7 |       |       |       |       ||    15
         Paralysed         |       |       |       |     3 |     9 |     7 |     1 |     6 |     1 ||    27
         Petrifying        |       |       |       |       |     3 |       |       |       |       ||     3
         Petrified         |       |       |       |       |     2 |       |       |       |       ||     2
 Armour: Skin              |     1 |     6 |    22 |   103 |   310 |   163 |    80 |   128 |    19 ||   832
  Dodge: Dodged            |    71 |    87 |   304 |   444 |   986 |   911 |   787 |  1101 |   234 ||  4925

Table legend: (Time is in decaauts)
 A = Elapsed time spent in this place.
 B = Non-inter-level travel time spent in this place.
 C = Inter-level travel time spent in this place.
 D = Time resting spent in this place.
 E = Time spent auto-exploring this place.
 F = Levels seen in this place.
 G = Mean time per level.
                   A        B        C        D        E       F      G
               +--------+--------+--------+--------+--------+-----+--------+
         Total |  82170 |  78053 |   4117 |  35336 |  23120 |  62 | 1325.3 |
       Dungeon |  20713 |  18971 |   1742 |   6516 |   7674 |  15 | 1380.9 |
        Temple |    185 |    155 |     30 |      0 |    152 |   1 |  185.0 |
          Lair |  12007 |  11418 |    589 |   5874 |   2569 |   5 | 2401.4 |
         Swamp |   5663 |   5499 |    164 |   3114 |   1390 |   4 | 1415.8 |
     Snake Pit |   6798 |   6530 |    268 |   3288 |   1823 |   4 | 1699.5 |
  Orcish Mines |   2263 |   2067 |    196 |    930 |    736 |   2 | 1131.5 |
   Elven Halls |   5506 |   5287 |    219 |   3045 |   1176 |   3 | 1835.3 |
        Vaults |   7895 |   7561 |    334 |   2706 |   2925 |   4 | 1973.8 |
        Depths |   6697 |   6273 |    424 |   2497 |   2487 |   4 | 1674.2 |
           Zot |   3973 |   3827 |    146 |   1828 |    691 |   5 |  794.6 |
         Abyss |   3324 |   3324 |      0 |    349 |    707 |  12 |  277.0 |
      Ice Cave |   3043 |   3043 |      0 |   2117 |    398 |   1 | 3043.0 |
        Wizlab |   3545 |   3545 |      0 |   2843 |    187 |   1 | 3545.0 |
      Gauntlet |    553 |    553 |      0 |    224 |    200 |   1 |  553.0 |
               +--------+--------+--------+--------+--------+-----+--------+

Top non-repeatable levels by time:
  Lair:5: 3548 daAuts
  WizLab: 3545 daAuts
   IceCv: 3043 daAuts
 Swamp:4: 3002 daAuts
  Lair:4: 2782 daAuts
Depths:2: 2670 daAuts
 Abyss:4: 2599 daAuts
Vaults:2: 2541 daAuts
 Snake:3: 2535 daAuts
   Elf:3: 2456 daAuts
     D:8: 2331 daAuts
     D:9: 2253 daAuts
  Lair:2: 2153 daAuts
    D:12: 2002 daAuts
Vaults:1: 1983 daAuts
